 Dungeon Crawl Stone Soup version 0.22-a0-109-gbeb7240 (webtiles) character file.

250 sankara the Conjurer (level 5, 0/41 HPs)
             Began as a Draconian Conjurer on Jan 26, 2018.
             Succumbed to a scorpion's poison
             ... on level 4 of the Dungeon.
             The game lasted 00:16:00 (3505 turns).

sankara the Conjurer (Draconian Conjurer)           Turns: 3505, Time: 00:16:00

Health: 0/41       AC:  6    Str: 13    XL:     5   Next: 88%
Magic:  3/9        EV: 12    Int: 17    God:
Gold:   94         SH:  0    Dex: 11    Spells: 2/10 levels left

rFire    . . .     SeeInvis .   a - +0 dagger
rCold    . . .     Gourm    .   (no shield)
rNeg     . . .     Faith    .   (armour unavailable)
rPois    .         Spirit   .   (helmet restricted)
rElec    .         Reflect  .   (no cloak)
rCorr    .         Harm     .   d - +0 pair of gloves
MR       .....                  (no boots)
Stlth    ++........             (no amulet)
HPRegen  0.13/turn              n - +3 ring of strength
MPRegen  0.11/turn              (no ring)

@: lethally poisoned (0 -> -1)
A: unfitting armour, cold-blooded, AC +5
a: no special abilities


You were on level 4 of the Dungeon.
You were completely stuffed.

You visited 1 branch of the dungeon, and saw 4 of its levels.

You collected 94 gold pieces.

Inventory:

Hand Weapons
 a - a +0 dagger (weapon)
 o - a +0 rapier
Missiles
 f - 21 stones (quivered)
Armour
 d - a +0 pair of gloves (worn)
Jewellery
 n - a +3 ring of strength (left hand)
Scrolls
 c - a scroll of identify
 g - a scroll of remove curse
 i - a scroll of fear
Books
 e - a book of Conjurations

   Spells                             Type                      Level
   a - Magic Dart                     Conjuration                  1
   b - Searing Ray                    Conjuration                  2
   c - Dazzling Spray                 Conjuration/Hexes            3
   d - Fulminant Prism                Conjuration/Hexes            4
   e - Force Lance                    Conjuration/Translocation    4
   f - Iskenderun's Mystic Blast      Conjuration                  4
Comestibles
 b - 5 rations


   Skills:
 + Level 2.1 Fighting
 + Level 2.6 Dodging
 - Level 1.7 Stealth
 + Level 3.2 Spellcasting
 * Level 5.7 Conjurations


You had 2 spell levels left.
You knew the following spells:

 Your Spells              Type           Power        Failure   Level  Hunger
a - Magic Dart            Conj           ###.         1%          1    None
b - Dazzling Spray        Conj/Hex       ##....       16%         3    ###....
c - Iskenderun's Mystic   Conj           ###.....     16%         4    ####...


Dungeon Overview and Level Annotations

Branches:
Dungeon (4/15)
 Temple: D:4-7

Altars:
Xom

Annotations:
D:4 Edmund


Innate Abilities, Weirdness & Mutations

Your plain brown scales are hard. (AC +5)
You cannot fit into any form of body armour.
You are cold-blooded and may be slowed by cold attacks.


Message History

You see here a chunk of flesh.
* * * LOW HITPOINT WARNING * * *
You feel sick.
* * * LOW HITPOINT WARNING * * *
You feel sick.
* * * LOW HITPOINT WARNING * * *
You feel sick.
You eat one of the 7 rations.
That ration really hit the spot!
You eat one of the 6 rations.
That ration really hit the spot!
* * * LOW HITPOINT WARNING * * *
You feel sick.
* * * LOW HITPOINT WARNING * * *
You feel sick.
* * * LOW HITPOINT WARNING * * *
You feel sick.
You aren't carrying any potions.
You're too full to eat anything.
* * * LOW HITPOINT WARNING * * *
You feel sick.
You die...

#.# *,* *,*
*, #.# *,*
*,* *, #.#
*,* *,***,
#.# *,*
*,,,,, #.#
*,* ******
#.# *,* #.#
**,**
#.#######
*,,,*******
#...@...#
*,*,,,,,,,,
#######.#
*,,,*****,,
#.#
*>,,,,,,,,,
#.#
*,,******,*
#.# #.@,,,*
*,* #.#
#.#**,# *,,
#.# #.# *.#
*,, #.#
#.###.* *,,
#.# #..,.,*
*,,


There were no monsters in sight!

Vanquished Creatures
  A bullfrog (D:3)
  The ghost of toffzen the Sneak, an amateur SpEn (D:3)
  An orc wizard (D:4)
  4 adders
  An ooze (D:3)
  An adder skeleton (D:4)
  A worm (D:3)
  3 dart slugs (D:2)
  3 leopard geckos
  5 orcs
  2 giant cockroaches
  2 goblins
  3 hobgoblins
  2 quokkas
  2 ball pythons (D:3)
  A bat (D:3)
  4 frilled lizards
  4 kobolds
  A quokka skeleton (D:4)
  2 rats
44 creatures vanquished.

Notes
Turn   | Place    | Note
-------+----------+-------------------------------------------
     0 | D:1      | sankara the Draconian Conjurer began the quest for the Orb.
     0 | D:1      | Reached XP level 1. HP: 14/14 MP: 3/3
   671 | D:1      | Reached XP level 2. HP: 20/20 MP: 3/5
   724 | D:1      | You fall through a shaft!
  1725 | D:2      | Reached XP level 3. HP: 26/26 MP: 4/6
  1730 | D:2      | Learned a level 3 spell: Dazzling Spray
  1755 | D:2      | Found a shimmering altar of Xom.
  2491 | D:3      | Reached skill level 5 in Conjurations
  2491 | D:3      | Reached XP level 4. HP: 34/34 MP: 2/7
  2497 | D:3      | Learned a level 4 spell: Iskenderun's Mystic Blast
  2528 | D:3      | Noticed toffzen's ghost (amateur SpEn)
  2554 | D:3      | Killed toffzen's ghost
  2554 | D:3      | Reached skill level 1 in Fighting
  2709 | D:3      | Reached XP level 5. HP: 40/40 MP: 6/9
  3389 | D:4      | Noticed Edmund
  3494 | D:4      | HP: 2/41 [poisoned by a scorpion]
  3501 | D:4      | HP: 1/41 [poisoned by a scorpion]
  3505 | D:4      | Succumbed to a scorpion's poison

Vault maps used:
D:1:      dpeg_arrival_simpleton_c, minmay_misc_feat_chi
D:2:      old_standard_altar, first_ration, kennysheep_decorative_pillar,
          hangedman_decor_clover_reticule, kennysheep_boxes
D:3:      glass_columns_a
D:4:      lemuel_doored_altar, kennysheep_mini_moat, uniq_eustachio,
          uniq_natasha, uniq_edmund

Skill      XL: |  1  2  3  4  5 |
---------------+----------------+-----
Dodging        | 2 |  2.6
Conjurations   | 5 |  5.7
Fighting       | 1 2 |  2.1
Spellcasting   | 3 |  3.2
Stealth        | |  1.7

Action                   |  1- 3 |  4- 6 || total
-------------------------+-------+-------++-------
Melee: Unarmed           |     2 |       ||     2
       Dagger            |     4 |    37 ||    41
       Tailslap          |       |     2 ||     2
 Cast: Magic Dart        |    60 |    51 ||   111
       Dazzling Spray    |       |     4 ||     4
  Use: Potion            |     1 |     2 ||     3
       Scroll            |       |     8 ||     8
 Stab: Sleeping          |       |     1 ||     1
  Eat: Chunk             |     5 |     2 ||     7
       Ration            |       |     3 ||     3
Armor: Skin              |     5 |    15 ||    20
Dodge: Dodged            |    13 |    24 ||    37

Table legend:
 A = Spawn XP
 B = Non-spawn XP
 C = Spawn XP percentage of total XP
 D = Spawn monster count
 E = Non-spawn monster count
 F = Spawn count percentage of total count
 G = Total turns spent on level
                    A         B        C        D         E        F      G
               +---------+---------+-------+---------+---------+-------+---------
         Total |       0 |     358 |   0.0 |       0 |      44 |   0.0 |  3505
               +---------+---------+-------+---------+---------+-------+---------
           D:1 |       0 |      16 |   0.0 |       0 |       9 |   0.0 |  1373
           D:2 |       0 |      62 |   0.0 |       0 |      12 |   0.0 |  1025
           D:3 |       0 |     230 |   0.0 |       0 |      17 |   0.0 |   895
           D:4 |       0 |      50 |   0.0 |       0 |       6 |   0.0 |   212
               +---------+---------+-------+---------+---------+-------+---------
